 Dungeon Crawl Stone Soup version 0.30-a0-870-gc5d4c5acee (webtiles) character file.

Game seed: 2988271506764478355

26 Monkooky the Cutter (level 2, 0/16 HPs)
             Began as a Spriggan Berserker on Mar 11, 2023.
             Was a Believer of Trog.
             Slain by Sigmund
             ... wielding a +0 scythe
              (9 damage)
             ... on level 2 of the Dungeon.
             The game lasted 00:01:35 (1151 turns).

Monkooky the Cutter (Spriggan Berserker)            Turns: 1151, Time: 00:01:35

Health: 0/16       AC:  2    Str: 13    XL:     2   Next: 89%
Magic:  3/3        EV: 18    Int:  8    God:    Trog [**....]
Gold:   91         SH:  0    Dex: 14    Spells: 1/1 levels left

rFire   . . .      SeeInvis +    a - +0 short sword
rCold   . . .      Faith    .    (no shield)
rNeg    . . .      Spirit   .    b - +0 animal skin
rPois   .          Reflect  .    (helmet restricted)
rElec   .          Rampage  .    (no cloak)
rCorr   .                        (gloves unavailable)
Will    .....                    (boots unavailable)
Stlth   +                        (no amulet)
HPRegen 0.22/turn                (no ring)
MPRegen 0.08/turn                (no ring)

@: confused, on berserk cooldown, flying, slowed, quick
A: very small, no large weapons, unfitting armour, see invisible, speed 3
a: Renounce Religion, Berserk, Trog's Hand


You were on level 2 of the Dungeon.
You worshipped Trog.
Trog was pleased with you.
You visited 1 branch of the dungeon, and saw 2 of its levels.

You collected 91 gold pieces.

Inventory:

Hand Weapons
 a - a +0 short sword (weapon)
Armour
 b - a +0 animal skin (worn)
Scrolls
 c - a scroll of identify {unknown}
 f - a scroll of teleportation {unknown}
 g - a scroll of amnesia {unknown}
 k - a scroll of poison {unknown}
Potions
 d - a potion of curing {unknown}
 e - a potion of mutation {unknown}
 h - a potion of brilliance {unknown}
 i - a potion of heal wounds {unknown}
 j - a potion of flight


   Skills:
 - Level 2.4 Fighting
 + Level 4.6 Short Blades
 - Level 4.0 Dodging


You had one spell level left.
You didn't know any spells.
Your spell library was empty.

Dungeon Overview and Level Annotations

Branches:
Dungeon (2/15)

Altars:

Annotations:
D:2 Sigmund


Innate Abilities, Weirdness & Mutations

You are very small and have problems with some larger weapons.
You are too small for most types of armour.
You have supernaturally acute eyesight. (SInv)
You cover ground extremely quickly. (Speed+++)


Message History

You closely miss the rat. The rat bites you.
Activating: Berserk (3% risk of failure)
Press: ? - help, Q - select action, (/) - cycle Dir - look around, f - activate A red film seems to cover your vision as you go berserk!
You feel yourself moving faster!
You feel mighty! The rat completely misses you.
You hit the rat.
You kill the rat!
Trog accepts your kill.
You barely miss the kobold. You puncture the kobold!
You kill the kobold!
Trog accepts your kill.
Items here: ( ) ††.
You feel a strong urge to attack something.
Sigmund misses you.
You hit Sigmund.
Sigmund is moderately wounded.
The dart slug launches a dart at you. The slug dart misses you.
You completely miss Sigmund.
Sigmund is moderately wounded.
You puncture Sigmund!
Sigmund is heavily wounded.
Sigmund says, "Look into my eyes."
Sigmund casts a spell at you.
You are confused.
You bump into the rock wall.
You're too confused to move!
You feel a strong urge to attack something.
You are no longer berserk.
You are exhausted.
You feel yourself slow down. Sigmund closely misses you.
You are too confused!
It was a potion of flight.
You feel very buoyant.
You fly up into the air.
Sigmund hits you with a +0 scythe!
Ouch! That really hurt!
You die...

#w #.####.#.# #.#.
#..#.# ####...
###....# #.....#
###.@.####
#.....####....#### ##
#>....#.$..........>..
#.......##..##########
#...Jw@###..## ###
##....@###....# ...
#......###....## .##
........)........
..#.....###....## #
#.....# #....# #######
###


You could see Sigmund, a dart slug and an endoplasm.

Vanquished Creatures
  2 dart slugs
  3 endoplasms (D:1)
  A quokka (D:1)
  4 ball pythons
  A bat (D:1)
  A frilled lizard (D:2)
  4 goblins (D:1)
  3 kobolds
  3 rats
22 creatures vanquished.

Notes
Turn   | Place    | Note
-------+----------+-------------------------------------------
     0 | D:1      | Monkooky the Spriggan Berserker began the quest for the
                  | Orb.
     0 | D:1      | Reached XP level 1. HP: 11/11 MP: 2/2
   313 | D:1      | Reached XP level 2. HP: 16/16 MP: 3/3
  1044 | D:2      | Reached ** piety under Trog
  1112 | D:2      | Noticed Sigmund
  1151 | D:2      | Slain by Sigmund

Illustrated notes

Levels and vault maps discovered:
D:1:      wander_arrival_fairy_ring, layout_basic, serial_corexii_hall,
          corexii_hall_statues_deadend, chequers_hall_statues_wall_a,
          minmay_door_square
D:2:      layout_rooms, uniq_sigmund

Skill      XL: |  1  2 |
---------------+-------+-----
Short Blades   | 4 |  4.6
Fighting       | |  2.4
Dodging        | |  4.0

Action                     || total
---------------------------++-------
  Melee: Short sword       ||    88
 Invoke: Berserk           ||     1
    Use: Potion            ||     1
   Stab: Sleeping          ||     1
 Armour: Animal skin       ||     4
  Dodge: Dodged            ||    56

Table legend: (Time is in decaauts)
 A = Elapsed time spent in this place.
 B = Non-inter-level travel time spent in this place.
 C = Inter-level travel time spent in this place.
 D = Time resting spent in this place.
 E = Time spent auto-exploring this place.
 F = Levels seen in this place.
 G = Mean time per level.
                   A        B        C        D        E       F      G
               +--------+--------+--------+--------+--------+-----+--------+
         Total |    762 |    749 |     13 |     40 |    564 |   2 |  381.0 |
       Dungeon |    762 |    749 |     13 |     40 |    564 |   2 |  381.0 |
               +--------+--------+--------+--------+--------+-----+--------+

Top non-repeatable levels by time:
     D:1: 621 daAuts
     D:2: 140 daAuts
